 Dungeon Crawl Stone Soup version 0.29.0-4-gdea44cf6ec (webtiles) character file.

Game seed: 17529018823095589616

380 qw the Chopper (level 6, -8/53 HPs)
             Began as a Minotaur Fighter on Sept 4, 2022.
             Killed by divine providence
             ... invoked by an orc priest
              (13 damage)
             ... on level 4 of the Dungeon.
             The game lasted 00:01:20 (2671 turns).

qw the Chopper (Minotaur Fighter)                   Turns: 2671, Time: 00:01:21

Health: -8/53      AC: 13    Str: 23    XL:     6   Next: 46%
Magic:  5/5        EV:  9    Int:  5    God:
Gold:   125        SH:  4    Dex:  9    Spells: 5/5 levels left

rFire   . . .      SeeInvis .   Y - +3 war axe (protect)
rCold   . . .      Faith    .   c - +0 buckler
rNeg    . . .      Spirit   .   b - +0 scale mail
rPois   .          Reflect  .   (helmet restricted)
rElec   .          Harm     .   (no cloak)
rCorr   .          Rampage  .   (no gloves)
Will    .....                   (no boots)
Stlth   ..........              (no amulet)
HPRegen 0.17/turn               (no ring)
MPRegen 0.09/turn               (no ring)

@: under a protective aura
A: horns 2, retaliatory headbutt
a: no special abilities


You were on level 4 of the Dungeon.
You visited 1 branch of the dungeon, and saw 4 of its levels.

You collected 125 gold pieces.


Innate Abilities, Weirdness & Mutations

You have a pair of horns on your head.
You reflexively headbutt those who attack you in melee.


   Skills:
 - Level 4.4 Fighting
 + Level 7.7 Axes
 - Level 3.6 Armour
 - Level 1.5 Dodging
 - Level 3.6 Shields


You had 5 spell levels left.
You didn't know any spells.
Your spell library was empty.

Inventory:

Hand Weapons
 g - a +0 flail
 Y - a +3 war axe of protection (weapon)
Armour
 b - a +0 scale mail (worn)
 c - a +0 buckler (worn)
Scrolls
 a - 4 scrolls of identify
Potions
 d - a potion of might
 e - a potion of curing {unknown}
 h - 2 potions of haste
 i - a potion of cancellation

Dungeon Overview and Level Annotations

Branches:
Dungeon (4/15)
 Temple: D:4-7

Altars:

Shops:
D:1 *


Message History

Beogh smites you!
An orc priest comes into view. It is wielding a +0 short sword.
The adder bites you but does no damage.
You closely miss the adder. The adder bites you but does no damage.
The orc priest calls down the wrath of Beogh upon you.
Beogh smites you! The adder completely misses you.
The orc priest casts a cantrip, but nothing happens.
You slash the adder!
Your weapon exudes an aura of protection.
You kill the adder!
You hit the orc. Your headbutt misses the orc.
The orc is severely wounded.
The orc priest begins to cast a cantrip, but forgets the words!
You block the orc's attack.
2666 ||| Stepping ~*~*~tactically~*~*~ (hiding).
You see here a bubbling puce potion.
You hit the orc.
You kill the orc!
The iguana barely misses you. You block something's attack.
Things that are here:
a +0 war axe; an orc corpse You slice the iguana!!
You kill the iguana!
You closely miss the orc. You hit something.
The orc hits you but does no damage.
The orc priest miscasts a cantrip.
Something hits you.
You closely miss the orc. You completely miss something.
You hear some strange, mumbled words.
A puff of flame appears from out of thin air!
The puff of flame misses you.
You hit the orc.
The orc is almost dead.
You barely miss something. The orc hits you but does no damage.
Something hits you but does no damage. Something hits you.
The orc priest calls down the wrath of Beogh upon you.
Beogh smites you!
You die...

... #.# ... #.# 7...
#.# ..... #.# ...>.
#.# ..... #.##o.7...
# #!{oo.....
#.###.@##.#######
#............. ..##
#.##..##########..###
##.# #...#.......##
#.# #.8...8...8..#
#%###...#...#...#
#....#.###.###..##
#.##....#...#.(..##
...###.8...8...8..<.


You could see 2 orc priests and an orc.

Vanquished Creatures
  A phantom (D:4)
  A necrophage (D:4)
  An orc priest (D:4)
  Natasha (twice) (D:2)
  An iguana (D:4)
  Robin (D:2)
  3 adders
  2 dart slugs
  11 orcs
  8 bats
  8 endoplasms
  A giant cockroach (D:3)
  6 hobgoblins
  7 kobolds
  5 quokkas
  7 ball pythons
  4 frilled lizards
  13 goblins
  4 rats
86 creatures vanquished.

Notes
Turn   | Place    | Note
-------+----------+-------------------------------------------
     0 | D:1      | qw the Minotaur Fighter began the quest for the Orb.
     0 | D:1      | Reached XP level 1. HP: 19/19 MP: 0/0
     0 | D:1      | 0 ||| qw: Version: 0.1-a-103-gd6f5d3a
     0 | D:1      | 0 ||| qw: Game counter: 5412
     0 | D:1      | 0 ||| qw: Always use a shield: true
     0 | D:1      | 0 ||| qw: God list: Ru
     0 | D:1      | 0 ||| qw: Allow faded altars: false
     0 | D:1      | 0 ||| qw: Do Orc after D:15 true
     0 | D:1      | 0 ||| qw: Do second Lair branch before Depths: true
     0 | D:1      | 0 ||| qw: Lair rune preference: random
     0 | D:1      | 0 ||| qw: Plans: Normal
     0 | D:1      | 0 ||| PLANNING D:1-11
    69 | D:1      | Found a faded altar of an unknown god.
    84 | D:1      | 84 ||| Stepping ~*~*~tactically~*~*~ (water).
   251 | D:1      | Reached skill level 3 in Axes
   314 | D:1      | Reached XP level 2. HP: 26/26 MP: 1/1
   365 | D:1      | 365 ||| Stepping ~*~*~tactically~*~*~ (hiding).
   456 | D:1      | Found Pyechib's General Store.
   463 | D:1      | 463 ||| SHOPLISTING scroll of enchant weapon (97 gold, have
                  | 29).
   463 | D:1      | 463 ||| SHOPLISTING scroll of teleportation (39 gold, have
                  | 29).
   639 | D:1      | Reached skill level 4 in Axes
   717 | D:1      | 717 ||| READING 5 scrolls labelled MUSINEWNAL.
   718 | D:1      | 718 ||| READING scroll labelled FUTZUHYNUPU.
   719 | D:1      | 719 ||| READING 3 scrolls labelled KATZYOG EFERPHA.
   720 | D:1      | 720 ||| READING 2 scrolls of enchant weapon.
   720 | D:1      | 720 ||| ENCHANTING +1 war axe.
   721 | D:1      | 721 ||| READING scroll of enchant weapon.
   721 | D:1      | 721 ||| ENCHANTING +2 war axe.
   722 | D:1      | 722 ||| DRINKING 2 viscous cyan potions.
   723 | D:1      | 723 ||| DRINKING 2 murky coppery potions.
   724 | D:1      | 724 ||| READING 4 scrolls of identify.
   724 | D:1      | 724 ||| IDENTIFYING murky golden potion
   725 | D:1      | 725 ||| DROPPING potion of lignification.
   726 | D:1      | 726 ||| DROPPING potion of flight.
   800 | D:2      | 800 ||| Stepping ~*~*~tactically~*~*~ (stealth).
   806 | D:2      | 806 ||| Stepping ~*~*~tactically~*~*~ (stealth).
   825 | D:2      | 825 ||| Stepping ~*~*~tactically~*~*~ (stealth).
   827 | D:2      | 827 ||| Stepping ~*~*~tactically~*~*~ (stealth).
   829 | D:2      | 829 ||| Stepping ~*~*~tactically~*~*~ (stealth).
   830 | D:2      | 830 ||| Stepping ~*~*~tactically~*~*~ (stealth).
   833 | D:2      | Reached XP level 3. HP: 30/31 MP: 2/2
   839 | D:2      | 839 ||| Stepping ~*~*~tactically~*~*~ (stealth).
   840 | D:2      | 840 ||| Stepping ~*~*~tactically~*~*~ (stealth).
   897 | D:2      | 897 ||| Stepping ~*~*~tactically~*~*~ (stealth).
   898 | D:2      | 898 ||| Stepping ~*~*~tactically~*~*~ (stealth).
   928 | D:2      | Noticed Robin
   929 | D:2      | 929 ||| Stepping ~*~*~tactically~*~*~ (hiding).
   935 | D:2      | Killed Robin
   946 | D:2      | 946 ||| Stepping ~*~*~tactically~*~*~ (stealth).
   964 | D:2      | Noticed Natasha
   965 | D:2      | 965 ||| Stepping ~*~*~tactically~*~*~ (hiding).
   974 | D:2      | Killed Natasha
   975 | D:2      | Reached skill level 5 in Axes
   975 | D:2      | Reached XP level 4. HP: 23/39 MP: 3/3
   975 | D:2      | 975 ||| Stepping ~*~*~tactically~*~*~ (hiding).
   976 | D:2      | 976 ||| Stepping ~*~*~tactically~*~*~ (hiding).
  1013 | D:2      | Noticed Natasha
  1014 | D:2      | 1014 ||| Stepping ~*~*~tactically~*~*~ (stealth).
  1019 | D:2      | Killed Natasha
  1020 | D:2      | Reached skill level 1 in Dodging
  1034 | D:2      | 1034 ||| FLEEEEING.
  1036 | D:2      | 1036 ||| FLEEEEING.
  1037 | D:2      | 1037 ||| FLEEEEING.
  1077 | D:2      | 1077 ||| FLEEEEING.
  1270 | D:2      | 1270 ||| Stepping ~*~*~tactically~*~*~ (stealth).
  1608 | D:2      | 1608 ||| Stepping ~*~*~tactically~*~*~ (stealth).
  1612 | D:2      | 1612 ||| Stepping ~*~*~tactically~*~*~ (stealth).
  1616 | D:2      | 1616 ||| Stepping ~*~*~tactically~*~*~ (stealth).
  1701 | D:2      | 1701 ||| READING 5 scrolls of identify.
  1701 | D:2      | 1701 ||| IDENTIFYING sedimented ruby potion
  1702 | D:2      | 1702 ||| DROPPING potion of brilliance.
  1880 | D:3      | 1880 ||| DROPPING +0 club.
  1899 | D:3      | 1899 ||| FLEEEEING.
  1900 | D:3      | 1900 ||| FLEEEEING.
  1988 | D:3      | Reached skill level 6 in Axes
  1988 | D:3      | Reached XP level 5. HP: 42/45 MP: 4/4
  2085 | D:3      | 2085 ||| DROPPING +0 whip.
  2489 | D:3      | 2489 ||| READING scroll labelled ZAUMECRUUST.
  2490 | D:3      | 2490 ||| READING 5 scrolls of identify.
  2490 | D:3      | 2490 ||| IDENTIFYING puce potion
  2561 | D:4      | Noticed a phantom
  2569 | D:4      | Killed a phantom
  2570 | D:4      | Reached skill level 7 in Axes
  2570 | D:4      | 2570 ||| FLEEEEING.
  2571 | D:4      | 2571 ||| STAIRDANCE
  2611 | D:4      | Reached XP level 6. HP: 51/53 MP: 5/5
  2639 | D:4      | 2639 ||| Stepping ~*~*~tactically~*~*~ (hiding).
  2656 | D:4      | 2656 ||| Stepping ~*~*~tactically~*~*~ (hiding).
  2663 | D:4      | HP: 8/53 [orc priest/divine providence (9)]
  2666 | D:4      | 2666 ||| Stepping ~*~*~tactically~*~*~ (hiding).
  2669 | D:4      | HP: 7/53 [something (2)]
  2671 | D:4      | Killed from afar by an orc priest

Levels and vault maps discovered:
D:1:      eino_arrival_tree_alley, layout_loops_ring,
          chequers_ecumenical_altar_island, serial_shops, shop,
          minmay_misc_feat_columns, minmay_misc_feat_more_columns
D:2:      layout_loops_cross, corexii_item_surrounded_by_moat, corexii_shack,
          st_stairs_13, uniq_natasha, uniq_robin
D:3:      layout_basic, skrybe_limestone_x
D:4:      corexii_shantytown, layout_basic, amcnicky_mini_rare_corridor_liquid,
          hangedman_decor_diamond_cutter, grunt_ministairs_2,
          minmay_misc_feat_four_crosses, dk_noncrumbling_3, st_stairs_5,
          minmay_misc_feat_enclosed

Skill      XL: |  1  2  3  4  5 |
---------------+----------------+-----
Axes           | 3 4 5 6 7 |  7.7
Dodging        | 1 |  1.5
Fighting       | 4 |  4.4
Armour         | |  3.6
Shields        | |  3.6

Action                   |  1- 3 |  4- 6 || total
-------------------------+-------+-------++-------
Melee: War axe           |    70 |   100 ||   170
       Headbutt          |     8 |    12 ||    20
  Use: Scroll            |     6 |     3 ||     9
       Potion            |     2 |       ||     2
Armor: Scale mail        |    25 |    33 ||    58
Dodge: Dodged            |    29 |    31 ||    60
Block: Buckler           |     8 |    14 ||    22

Table legend:
 A = Non-vault XP
 B = Vault XP
 C = Vault XP percentage of total XP
 D = Non-vault monster count
 E = Vault monster count
 F = Vault count percentage of total count
                 A         B        C        D         E       F
            +---------+---------+-------+---------+---------+-------
      Total |     426 |     118 |  21.7 |      69 |      17 |  19.8
            +---------+---------+-------+---------+---------+-------
        D:1 |      30 |       0 |   0.0 |      19 |       0 |   0.0
        D:2 |      56 |      71 |  55.9 |      14 |      14 |  50.0
        D:3 |      84 |       0 |   0.0 |      29 |       0 |   0.0
        D:4 |     256 |      47 |  15.5 |       7 |       3 |  30.0
            +---------+---------+-------+---------+---------+-------
